 Dungeon Crawl Stone Soup version 0.31-a0-472-g43a2ca8e1b (webtiles) character file.

Game seed: 14425639097045828651

5124 AIAndy the Grappler (level 10, -7/63 HPs)
             Began as an Octopode Shapeshifter on Aug 6, 2023.
             Was a Priest of Nemelex Xobeh.
             Mangled by a two-headed ogre
             ... wielding a +0 giant club
              (27 damage)
             ... on level 9 of the Dungeon.
             The game lasted 00:34:20 (9911 turns).

AIAndy the Grappler (Octopode Shapeshifter)         Turns: 9911, Time: 00:34:21

Health: -7/63      AC:  5    Str: 20    XL:     10   Next: 58%
Magic:  13/13      EV: 13    Int: 10    God:    Nemelex Xobeh [***...]
Gold:   621        SH:  0    Dex: 12    Spells: 9/9 levels left

rFire   . .          .
                       - Unarmed
rCold   . . .        (shield currently unavailable)
rNeg    . . .        (helmet restricted)
rPois   .            (no amulet)
rElec   .            O - +4 ring of protection
rCorr   .            t - ring of willpower
SInv    .            (no ring)
Will    +....        (no ring)
Stlth   ++           (no ring)
HPRegen 0.30/turn    (no ring)
MPRegen 0.13/turn    (no ring)
                     (no ring)

%: no passive effects
@: blade tentacles
A: almost no armour, amphibious, 8 rings, camouflage 1, gelatinous body 1,
(nimble swimmer 1), tentacles
a: Begin Untransformation, Renounce Religion, Draw Escape, Draw Destruction,
Draw Summoning, Triple Draw


You were on level 9 of the Dungeon.
You worshipped Nemelex Xobeh.
Nemelex Xobeh was most pleased with you.
You had blades for main tentacles.
You visited 1 branch of the dungeon, and saw 9 of its levels.
You also visited: Sewer and Bailey.

You collected 621 gold pieces.


Innate Abilities, Weirdness & Mutations

You have blades for main tentacles.
Your spellcasting is less reliable in this form.
You are incapable of wielding weapons or throwing items.
You cannot wear most types of armour.
You are amphibious.
You can wear up to eight rings at the same time.
Your skin changes colour to match your surroundings (Stealth+).
Your rubbery body absorbs attacks. (AC +1, EV +1)
((You are camouflaged when in or above water. (Stealth+)))
You have tentacles for arms and can constrict up to eight enemies at once.


   Skills:
 + Level 3.4 Fighting
 + Level 2.0 Dodging
 + Level 10.6 Unarmed Combat
 + Level 4.7 Invocations
 + Level 9.1 Shapeshifting


You had 9 spell levels left.
You didn't know any spells.
Your spell library contained the following spells:

 Spells                   Type           Power      Damage    Failure   Level
 Apportation              Tloc           0%         N/A       78%         1
 Necrotise                Necr           0%         1d4       78%         1
 Summon Small Mammal      Summ           0%         N/A       78%         1
 Lesser Beckoning         Tloc           0%         N/A       87%         2
 Scorch                   Fire           0%         2d5       87%         2
 Call Canine Familiar     Summ           0%         N/A       97%         3
 Gell's Gravitas          Tloc           0%         N/A       97%         3
 Portal Projectile        Hex/Tloc       0%         N/A       97%         3
 Stone Arrow              Conj/Erth      0%         3d7       97%         3
 Teleport Other           Tloc           0%         N/A       97%         3
 Vhi's Electric Charge    Tloc/Air       0%         N/A       97%         3
 Flame Wave               Conj/Fire      0%         2d4       100%        4
 Leda's Liquefaction      Hex/Erth       0%         N/A       100%        4
 Arcjolt                  Conj/Air       0%         1d10      100%        5
 Plasma Beam              Fire/Air       0%         2x1d10    100%        6
 Summon Cactus Giant      Summ           0%         N/A       100%        6
 Lehudib's Crystal Spear  Conj/Erth      0%         10d2      100%        8
 Animate Armour           Summ/Erth      Unusable   N/A       N/A         4

Inventory:

Missiles
 d - 21 poisoned darts (quivered)
 f - 4 boomerangs
 i - a curare-tipped dart {=f}
Jewellery
 t - a ring of willpower (right blade tentacle)
 F - a ring of fire
 O - a +4 ring of protection (left blade tentacle)
Talismans
 b - a beast talisman
 x - a blade talisman (active)
Wands
 n - a wand of iceblast (4)
 r - a wand of polymorph (7)
 s - a wand of paralysis (10)
 z - a wand of mindburst (9)
Scrolls
 c - 3 scrolls of teleportation {@r4}
 g - 2 scrolls of blinking
 h - a scroll of poison {unknown}
 j - a scroll of enchant weapon
 o - 2 scrolls of amnesia
 q - a scroll of fear {unknown}
 y - a scroll of torment {unknown}
 A - a scroll of enchant armour {unknown}
Potions
 a - 2 potions of lignification {!q}
 e - a potion of magic
 k - 4 potions of brilliance
 l - 6 potions of heal wounds {@q2}
 m - 3 potions of haste {@q3}
 p - a potion of attraction {!q}
 u - 6 potions of mutation {!q}
 v - a potion of curing {@q1}
 w - a potion of might

Dungeon Overview and Level Annotations

Branches:
Dungeon (9/15)             Temple (0/1) D:5            Lair (0/5) D:8
  Sewer (visited)          Bailey (visited)
    Orc: D:9-12

Altars:
Elyvilon
Kikubaaqudgha
Nemelex Xobeh
Ru
Vehumet
Wu Jian
Yredelemnul

Shops:
D:4 =

Annotations:
D:4 exclusion: ogre, Edmund
D:7 1 runed translucent door

###########
#......✱..#
#.....○...#
#.....☼...#
.##.....°...+
.......<@O.☼#
.##....○.○°.#
###+#######


You could see a two-headed ogre (ally target).


Message History

Found a glowing hand axe.
Found a stone staircase leading up.
You see here a +2 hand axe of flaming.
Found 13 gold pieces.
You now have 621 gold pieces (gained 13).
You enter the deep water.
Found a stone staircase leading down.
Done exploring.
Done exploring.
Search for what [Enter for "."]? .
Search for what [Enter for "."]? talis Done exploring.
There is a stone staircase leading down here.
You climb downwards.
There is a stone staircase leading up here.
The two-headed ogre closely misses you.
The two-headed ogre hits you with a +0 giant club!!
Use which ability? (? or * to list)
You draw a card...
You have drawn the Orb.
Press: ? - help, Shift-Dir - straight line, f - two-headed ogre
Aim: a two-headed ogre, wielding two +0 giant clubs Your orb of destruction hits a rock wall.
You hit the two-headed ogre but do no damage.
Your orb of destruction hits a rock wall.
The two-headed ogre hits you with a +0 giant club!!
* * * LOW HITPOINT WARNING * * *
The two-headed ogre hits you with a +0 giant club!!
You die...
Your body disappears without a glow.

Skill      XL: |  1  2  3  4  5  6  7  8  9 10 |
---------------+-------------------------------+-----
Unarmed Combat | 4 5 6 8 10 | 10.6
Shapeshifting  | 4 5 6 7 8 9 |  9.1
Invocations    | 2 4 |  4.7
Fighting       | 3 |  3.4
Dodging        | |  2.0

Action                     |  1- 3 |  4- 6 |  7- 9 | 10-12 || total
---------------------------+-------+-------+-------+-------++-------
  Melee: Unarmed           |   126 |   104 |   194 |    89 ||   513
         Constrict         |    16 |    25 |    52 |    14 ||   107
         Tentacles         |    30 |    18 |    40 |    11 ||    99
         Punch             |     4 |     6 |    18 |     5 ||    33
  Throw: Dart              |       |       |     4 |       ||     4
 Invoke: Draw Destruction  |       |       |     1 |     3 ||     4
         Draw Summoning    |       |       |       |     1 ||     1
  Evoke: Wand              |       |       |     3 |       ||     3
    Use: Scroll            |       |       |    15 |     2 ||    17
         Potion            |       |       |       |     1 ||     1
   Stab: Sleeping          |    13 |     5 |     3 |       ||    21
         Distracted        |       |       |     1 |       ||     1
 Armour: Skin              |     4 |    13 |    21 |    21 ||    59
  Dodge: Dodged            |    29 |    56 |    95 |    57 ||   237
   Form: Blade             |       |       |     1 |       ||     1

Levels and vault maps discovered:
D:1:      dpeg_arrival_circle_labyrinth_c, layout_loops_ring, serial_forest,
          infiniplex_forest_lined_2, infiniplex_forest_lined_room_2,
          infiniplex_forest_zigzag_1, infiniplex_forest_side_room,
          infiniplex_forest_lined_ring, infiniplex_forest_corner_1,
          infiniplex_forest_zigzag_1, minmay_tripent
D:2:      layout_loops_corners
D:3:      layout_basic, basic_ecumenical_altar, minivault_25
D:4:      minmay_diamond_boxcup, layout_rooms, serial_shops,
          nicolae_shop_gaudy_bauble, uniq_edmund, uniq_natasha
D:5:      lemuel_ratsnest, layout_basic, nemelex_altar_shiori,
          mainiacjoe_overflow_boulevard, lemuel_round_altar,
          minmay_temple_entry_poolview, serial_curves, eino_curves_03,
          eino_curves_04, minmay_joined_circles
D:6:      layout_layer_cave, mainiacjoe_overflow_24_doors, vehumet_statue,
          cheibrodos_sewer_entry_sluice, uniq_menkaure, uniq_duvessa,
          uniq_maggie
D:7:      layout_basic, nicolae_wu_jian_immortal_techniques,
          dk_yredelemnul_ordeal
D:8:      layout_cave_pods, lair_entry_dummy, enter_bailey_5
D:9:      layout_roguey, grunt_dithmenos_shadows

Notes
Turn   | Place    | Note
-------+----------+-------------------------------------------
     0 | D:1      | AIAndy the Octopode Shapeshifter began the quest for the
                  | Orb.
     0 | D:1      | Reached XP level 1. HP: 13/13 MP: 1/1
   336 | D:1      | Reached XP level 2. HP: 18/18 MP: 2/2
   729 | D:1      | Reached XP level 3. HP: 21/23 MP: 3/3
  1906 | D:2      | Identified the +5 ring mail "Cahoez" {rC+}
  2125 | D:3      | Reached skill level 4 in Unarmed Combat
  2125 | D:3      | Reached XP level 4. HP: 6/28 MP: 4/4
  2233 | D:3      | Found a faded altar of an unknown god.
  2738 | D:4      | Found Cytuuryk's Jewellery Shoppe.
  2755 | D:4      | Reached skill level 4 in Shapeshifting
  2755 | D:4      | Reached XP level 5. HP: 26/33 MP: 5/5
  2923 | D:4      | Noticed Natasha
  2930 | D:4      | Killed Natasha
  2939 | D:4      | Noticed Edmund
  3125 | D:4      | Noticed Natasha
  3132 | D:4      | Killed Natasha
  3188 | D:4      | Noticed an ogre
  3323 | D:4      | Noticed Natasha
  3337 | D:4      | Killed Natasha
  3338 | D:4      | Reached skill level 5 in Unarmed Combat
  3338 | D:4      | Reached XP level 6. HP: 29/38 MP: 6/6
  3390 | D:5      | Entered Level 5 of the Dungeon
  3525 | D:5      | Reached skill level 5 in Shapeshifting
  3571 | D:5      | Reached XP level 7. HP: 39/43 MP: 7/7
  3877 | D:5      | Found a sacrificial altar of Ru.
  3910 | D:5      | Reached skill level 6 in Unarmed Combat
  3965 | D:5      | Found an ancient bone altar of Kikubaaqudgha.
  4074 | D:5      | Found a sparkling altar of Nemelex Xobeh.
  4082 | D:5      | Became a worshipper of Nemelex Xobeh the Trickster
  4366 | D:5      | Reached skill level 6 in Shapeshifting
  4366 | D:5      | Reached XP level 8. HP: 37/48 MP: 8/8
  4435 | D:5      | Reached skill level 7 in Unarmed Combat
  4996 | D:5      | Found a staircase to the Ecumenical Temple.
  5212 | D:6      | Found a white marble altar of Elyvilon.
  5301 | D:6      | Noticed Maggie
  5328 | D:6      | Reached skill level 8 in Unarmed Combat
  5356 | D:6      | Noticed Duvessa
  5356 | D:6      | Noticed Dowan
  5431 | D:6      | Killed Duvessa
  5432 | D:6      | Reached skill level 7 in Shapeshifting
  5440 | D:6      | Killed Dowan
  5447 | D:6      | HP: 4/48 [ogre/+0 giant spiked club (11)]
  5477 | D:6      | Noticed Menkaure
  5495 | D:6      | Killed Menkaure
  5496 | D:6      | Reached XP level 9. HP: 11/53 MP: 9/9
  5501 | D:6      | Found a glowing drain.
  5510 | Sewer    | Entered a sewer
  6036 | D:6      | Reached * piety under Nemelex Xobeh
  6188 | D:6      | Killed Maggie
  6189 | D:6      | Reached skill level 9 in Unarmed Combat
  6349 | D:6      | Found a radiant altar of Vehumet.
  6417 | D:6      | Received a gift from Nemelex Xobeh
  7181 | D:7      | Reached skill level 8 in Shapeshifting
  7578 | D:7      | Found a runed translucent door.
  7650 | D:7      | Reached ** piety under Nemelex Xobeh
  7660 | D:7      | Received a gift from Nemelex Xobeh
  7919 | D:7      | Reached skill level 1 in Invocations
  7934 | D:7      | Found a basalt altar of Yredelemnul.
  7937 | D:7      | Reached skill level 2 in Invocations
  7960 | D:7      | Found an ornate altar of the Wu Jian Council.
  8013 | D:7      | Reached skill level 10 in Unarmed Combat
  8013 | D:7      | Reached XP level 10. HP: 55/58 MP: 10/12
  8017 | D:7      | Reached skill level 3 in Invocations
  8030 | D:7      | Reached skill level 2 in Fighting
  8419 | D:8      | Found a staircase to the Lair.
  8431 | D:8      | HP: 4/59 [poisoned by a killer bee]
  8435 | D:8      | HP: 1/59 [poisoned by a killer bee]
  8665 | D:8      | Found a flagged portal.
  8677 | Bailey   | Entered a bailey
  8739 | Bailey   | Identified a +0 crystal plate armour
  8908 | Bailey   | Received a gift from Nemelex Xobeh
  8980 | Bailey   | Noticed an orc knight
  8986 | Bailey   | Reached skill level 4 in Invocations
  8988 | Bailey   | Killed an orc knight
  8989 | Bailey   | Reached skill level 3 in Fighting
  8989 | Bailey   | Reached skill level 9 in Shapeshifting
  9153 | Bailey   | Identified the +1 helmet of the Eight Gazing Souls {Int+4
                  | Dex+3}
  9600 | D:8      | Reached *** piety under Nemelex Xobeh
  9908 | D:9      | Noticed a two-headed ogre
  9911 | D:9      | Mangled by a two-headed ogre

Vanquished Creatures
  Maggie (D:6)
  5 yaks (D:7)
  Menkaure (D:6)
  Duvessa (D:6)
  A water moccasin (D:5)
  3 orc warriors (Bailey)
  3 black bears
  4 ogres
  3 kobold brigands (Sewer)
  A bullfrog (D:7)
  A gnoll sergeant (D:7)
  A scorpion (D:5)
  5 wights
  Dowan (D:6)
  3 howler monkeys
  12 killer bees (D:8)
  4 orc priests
  3 hounds
  A jelly (D:5)
  5 sleepcaps
  A human skeleton (D:7)
  Natasha (thrice) (D:4)
  6 iguanas
  2 orc wizards
  A statue (D:6)
  7 gnolls
  8 river rats (D:5)
  4 adders
  A shadow imp (D:7)
  3 white imps
  5 worms
  2 dart slugs
  22 orcs
  6 bats
  8 endoplasms
  6 giant cockroaches
  9 goblins
  8 hobgoblins
  2 jackals (D:1)
  16 kobolds
  7 quokkas
  14 ball pythons
  3 frilled lizards
  A kobold skeleton (D:7)
  21 rats
225 creatures vanquished.

Vanquished Creatures (collateral kills)
  An orc knight (Bailey)
  An orc warrior (Bailey)
2 creatures vanquished.

Grand Total: 227 creatures vanquished

Table legend: (Time is in decaauts)
 A = Elapsed time spent in this place.
 B = Non-inter-level travel time spent in this place.
 C = Inter-level travel time spent in this place.
 D = Time resting spent in this place.
 E = Time spent auto-exploring this place.
 F = Levels seen in this place.
 G = Mean time per level.
                   A        B        C        D        E       F      G
               +--------+--------+--------+--------+--------+-----+--------+
         Total |   9865 |   9561 |    304 |    718 |   7068 |  11 |  896.8 |
       Dungeon |   8829 |   8525 |    304 |    434 |   6562 |   9 |  981.0 |
         Sewer |    405 |    405 |      0 |    133 |    172 |   1 |  405.0 |
        Bailey |    630 |    630 |      0 |    151 |    334 |   1 |  630.0 |
               +--------+--------+--------+--------+--------+-----+--------+

Top non-repeatable levels by time:
     D:5: 1799 daAuts
     D:6: 1481 daAuts
     D:1: 1112 daAuts
     D:8: 1087 daAuts
     D:7: 993 daAuts
     D:2: 839 daAuts
     D:4: 814 daAuts
     D:3: 697 daAuts
  Bailey: 630 daAuts
   Sewer: 405 daAuts
     D:9: 2 daAuts

Table legend:
 A = Non-vault XP
 B = Vault XP
 C = Vault XP percentage of total XP
 D = Non-vault monster count
 E = Vault monster count
 F = Vault count percentage of total count
                 A         B        C        D         E       F
            +---------+---------+-------+---------+---------+-------
      Total |    4121 |    3200 |  43.7 |     128 |      99 |  43.6
            +---------+---------+-------+---------+---------+-------
        D:1 |      40 |       3 |   7.0 |      25 |       2 |   7.4
        D:2 |      15 |       0 |   0.0 |       8 |       0 |   0.0
        D:3 |      81 |       0 |   0.0 |      18 |       0 |   0.0
        D:4 |     150 |      35 |  18.9 |      15 |       1 |   6.2
        D:5 |     552 |     771 |  58.3 |      15 |      44 |  74.6
        D:6 |     495 |     853 |  63.3 |       6 |       9 |  60.0
        D:7 |    1918 |      38 |   1.9 |      24 |       2 |   7.7
        D:8 |     870 |       8 |   0.9 |      17 |       4 |  19.0
      Sewer |       0 |     317 | 100.0 |       0 |      21 | 100.0
     Bailey |       0 |    1175 | 100.0 |       0 |      16 | 100.0
            +---------+---------+-------+---------+---------+-------
